| TOP OF THE 1ST |
|
Southern Maryland Blue Crabs batting - Pitching for Brockton Rox : RHP Mitsuharu Yoshimoto
|
|
Pitching: RHP Mitsuharu Yoshimoto
|
|
|
Batting: RHB Adam Beal
|
0-0: DOUBLE (Flyball, 8RXD, EV 98.8 MPH)
|
|
Batting: SHB John Hiles
|
0-0: Called Strike 0-1: Ball 1-1: Ball 2-1: Foul Ball, location: 2F 2-2: Foul Ball, location: 2F 2-2: Fly out, F9 (Flyball, 9, EV 80.6 MPH)
|
|
Batting: RHB Eddie Morin
|
0-0: Called Strike 0-1: Foul Ball, location: 2F 0-2: Foul Ball, location: 2F 0-2: Ball 1-2: Ball 2-2: Strikes out swinging
|
|
Batting: RHB Josh Ludwig
|
0-0: Fly out, F8 (Line Drive, 8LM, EV 85.0 MPH)
|
| Top of the 1st over - 0 runs, 1 hit, 0 errors, 1 left on base; Southern Maryland 0 - Brockton 0 |
| BOTTOM OF THE 1ST |
|
Brockton Rox batting - Pitching for Southern Maryland Blue Crabs : RHP Jim Marshall
|
|
Pitching: RHP Jim Marshall
|
|
|
Batting: RHB Joe Lewis
|
0-0: Ball 1-0: Ball 2-0: Ball 3-0: Called Strike 3-1: Swinging Strike 3-2: Foul Ball, location: 2F 3-2: Fly out, F9 (Flyball, 89M, EV 80.0 MPH)
|
|
Batting: RHB Ryan Davis
|
0-0: Swinging Strike 0-1: Called Strike 0-2: Foul Ball, location: 2F 0-2: Strikes out swinging
|
|
Batting: RHB Bob Reichley
|
0-0: Ball 1-0: Foul Ball, location: 2F 1-1: Ball 2-1: Foul Ball, location: 2F 2-2: Strikes out looking
|
| Bottom of the 1st over - 0 runs, 0 hits, 0 errors, 0 left on base; Southern Maryland 0 - Brockton 0 |
| TOP OF THE 2ND |
|
Southern Maryland Blue Crabs batting - Pitching for Brockton Rox : RHP Mitsuharu Yoshimoto
|
|
Batting: LHB Taylor Plummer
|
0-0: Foul Ball, location: 2F 0-1: Ball 1-1: Foul Ball, location: 2F 1-2: Fly out, F8 (Line Drive, 8LM, EV 93.1 MPH)
|
|
Batting: RHB Sam Parra
|
0-0: Called Strike 0-1: Ball 1-1: Swinging Strike 1-2: Ball 2-2: Strikes out swinging
|
|
Batting: RHB Jeff Parlo
|
0-0: Called Strike 0-1: Swinging Strike 0-2: Strikes out swinging
|
| Top of the 2nd over - 0 runs, 0 hits, 0 errors, 0 left on base; Southern Maryland 0 - Brockton 0 |
| BOTTOM OF THE 2ND |
|
Brockton Rox batting - Pitching for Southern Maryland Blue Crabs : RHP Jim Marshall
|
|
Batting: RHB Luis Nino
|
0-0: Ball 1-0: SINGLE (Line Drive, 9S, EV 108.8 MPH)
|
|
Batting: SHB Mel Gonzalez
|
0-0: Ball Luis Nino steals 2nd base 1-0: Ball 2-0: Foul Ball, location: 2F 2-1: Fly out, F8 (Flyball, 8LD, EV 103.1 MPH)
|
|
Batting: RHB Jose Blocker
|
0-0: Ground out 6-3 (Groundball, 6, EV 100.0 MPH)
|
|
Batting: RHB Matt Walker
|
0-0: Ball 1-0: Swinging Strike 1-1: Called Strike 1-2: Foul Ball, location: 2F 1-2: Ball 2-2: Strikes out swinging
|
| Bottom of the 2nd over - 0 runs, 1 hit, 0 errors, 1 left on base; Southern Maryland 0 - Brockton 0 |
| TOP OF THE 3RD |
|
Southern Maryland Blue Crabs batting - Pitching for Brockton Rox : RHP Mitsuharu Yoshimoto
|
|
Batting: RHB Mike King
|
0-0: Ball 1-0: Called Strike 1-1: Ball 2-1: Ball 3-1: Foul Ball, location: 2F 3-2: Fly out, F8 (Flyball, 8LXD, EV 96.9 MPH)
|
|
Batting: RHB Willie Carmona
|
0-0: Foul Ball, location: 2F 0-1: Ball 1-1: Called Strike 1-2: Foul Ball, location: 2F 1-2: SINGLE (Flyball, 8LS, EV 87.5 MPH)
|
|
Batting: RHB Adam Beal
|
0-0: Ball 1-0: Foul Ball, location: 2F 1-1: DOUBLE (Groundball, 5L, EV 106.2 MPH) Willie Carmona to third
|
|
Batting: SHB John Hiles
|
0-0: Ball 1-0: Ball 2-0: Called Strike 2-1: Swinging Strike 2-2: Ball 3-2: Strikes out swinging
|
|
Batting: RHB Eddie Morin
|
0-0: Ball 1-0: Ball Wild Pitch! Willie Carmona scores Adam Beal to third 2-0: 2-RUN HOME RUN (Flyball, 78XD, EV 104.4 MPH), Distance : 441 ft
|
|
Batting: RHB Josh Ludwig
|
0-0: Fly out, F7 (Flyball, 7LM, EV 104.4 MPH)
|
| Top of the 3rd over - 3 runs, 3 hits, 0 errors, 0 left on base; Southern Maryland 3 - Brockton 0 |
| BOTTOM OF THE 3RD |
|
Brockton Rox batting - Pitching for Southern Maryland Blue Crabs : RHP Jim Marshall
|
|
Batting: LHB Isaiah Spitzbarth
|
0-0: SINGLE (Groundball, 4D, EV 95.0 MPH)
|
|
Batting: LHB Darby Starburster
|
0-0: Swinging Strike 0-1: Ball 1-1: Called Strike 1-2: Foul Ball, location: 2F 1-2: Ball 2-2: Foul Ball, location: 2F 2-2: Strikes out looking
|
|
Batting: RHB Joe Lewis
|
0-0: Ball 1-0: Fly out, F5 (Line Drive, 5L, EV 71.2 MPH)
|
|
Batting: RHB Ryan Davis
|
0-0: Ball 1-0: Ball Isaiah Spitzbarth is caught stealing 2nd base 2-4
|
| Bottom of the 3rd over - 0 runs, 1 hit, 0 errors, 0 left on base; Southern Maryland 3 - Brockton 0 |
| TOP OF THE 4TH |
|
Southern Maryland Blue Crabs batting - Pitching for Brockton Rox : RHP Mitsuharu Yoshimoto
|
|
Batting: LHB Taylor Plummer
|
0-0: DOUBLE (Line Drive, 78M, EV 101.9 MPH)
|
|
Batting: RHB Sam Parra
|
0-0: Called Strike 0-1: Ball 1-1: Swinging Strike 1-2: Ball 2-2: Foul Ball, location: 2F 2-2: Ground out 5-3 (Groundball, 56, EV 81.2 MPH)
|
|
Batting: RHB Jeff Parlo
|
0-0: Called Strike 0-1: Called Strike 0-2: Foul Ball, location: 2F 0-2: Ball 1-2: Foul Ball, location: 2F 1-2: Ball 2-2: Strikes out swinging
|
|
Batting: RHB Mike King
|
0-0: Ball 1-0: Ball 2-0: Ball 3-0: Base on Balls
|
|
Batting: RHB Willie Carmona
|
0-0: Called Strike 0-1: SINGLE (Line Drive, 7S, EV 92.5 MPH) Taylor Plummer to third Mike King to second Runner from 3rd tries for Home, SAFE, throw by LF to home
|
|
Batting: RHB Adam Beal
|
0-0: Ball 1-0: Called Strike 1-1: Ball 2-1: Foul Ball, location: 2F 2-2: SINGLE (Line Drive, 34D, EV 99.4 MPH) Mike King to third Willie Carmona to second
|
|
Batting: SHB John Hiles
|
0-0: Ball 1-0: Ball 2-0: Ball 3-0: Base on Balls Mike King scores Willie Carmona to third Adam Beal to second
|
|
Batting: RHB Eddie Morin
|
0-0: Swinging Strike 0-1: Foul Ball, location: 2F 0-2: Fielders Choice at 2nd, 6-4 (Groundball, 6, EV 104.4 MPH)
|
| Top of the 4th over - 2 runs, 3 hits, 0 errors, 3 left on base; Southern Maryland 5 - Brockton 0 |
| BOTTOM OF THE 4TH |
|
Brockton Rox batting - Pitching for Southern Maryland Blue Crabs : RHP Jim Marshall
|
|
Batting: RHB Ryan Davis
|
0-0: Ball 1-0: Foul Ball, location: 2F 1-1: Ball 2-1: Swinging Strike 2-2: Ball 3-2: DOUBLE (Flyball, 89XD, EV 99.4 MPH)
|
|
Batting: RHB Bob Reichley
|
0-0: Ball 1-0: Called Strike 1-1: Fly out, F9 (Line Drive, 89S, EV 99.4 MPH)
|
|
Batting: RHB Luis Nino
|
0-0: Ball 1-0: Ball 2-0: Fly out, F8 (Line Drive, 8RS, EV 99.4 MPH)
|
|
Batting: SHB Mel Gonzalez
|
0-0: Ball 1-0: Swinging Strike 1-1: Foul Ball, location: 2F 1-2: Strikes out swinging
|
| Bottom of the 4th over - 0 runs, 1 hit, 0 errors, 1 left on base; Southern Maryland 5 - Brockton 0 |
| TOP OF THE 5TH |
|
Southern Maryland Blue Crabs batting - Pitching for Brockton Rox : RHP Mitsuharu Yoshimoto
|
|
Pitching: LHP Jamie Corbin
|
|
|
Batting: RHB Josh Ludwig
|
0-0: Called Strike 0-1: Foul Ball, location: 2F 0-2: Fly out, F7 (Flyball, 7D, EV 101.9 MPH)
|
|
Batting: LHB Taylor Plummer
|
0-0: Foul Ball, location: 2F 0-1: Called Strike 0-2: Ground out 5-3 (Groundball, 56S, EV 89.4 MPH)
|
|
Batting: RHB Sam Parra
|
0-0: Ball 1-0: Called Strike 1-1: Foul Ball, location: 2F 1-2: Ball 2-2: Foul Ball, location: 2F 2-2: Strikes out looking
|
| Top of the 5th over - 0 runs, 0 hits, 0 errors, 0 left on base; Southern Maryland 5 - Brockton 0 |
| BOTTOM OF THE 5TH |
|
Brockton Rox batting - Pitching for Southern Maryland Blue Crabs : RHP Jim Marshall
|
|
Batting: RHB Jose Blocker
|
0-0: Ball 1-0: Ball 2-0: Called Strike 2-1: Swinging Strike 2-2: Ball 3-2: SOLO HOME RUN (Flyball, 78XD, EV 111.2 MPH), Distance : 429 ft
|
|
Batting: RHB Matt Walker
|
0-0: Swinging Strike 0-1: Foul Ball, location: 2F 0-2: Foul Ball, location: 2F 0-2: Foul Ball, location: 2F 0-2: Ball 1-2: Strikes out swinging
|
|
Batting: LHB Isaiah Spitzbarth
|
0-0: Ground out 3-1 (Groundball, 34, EV 83.8 MPH)
|
|
Batting: LHB Darby Starburster
|
0-0: Ball 1-0: Called Strike 1-1: Swinging Strike 1-2: Foul Ball, location: 2F 1-2: Ball 2-2: Ball 3-2: Foul Ball, location: 2F 3-2: Base on Balls
|
|
Batting: RHB Joe Lewis
|
0-0: Called Strike Darby Starburster steals 2nd base 0-1: Ball 1-1: Ball 2-1: Called Strike 2-2: Fly out, F3 (Line Drive, 34, EV 79.4 MPH)
|
| Bottom of the 5th over - 1 run, 1 hit, 0 errors, 1 left on base; Southern Maryland 5 - Brockton 1 |
| TOP OF THE 6TH |
|
Southern Maryland Blue Crabs batting - Pitching for Brockton Rox : LHP Jamie Corbin
|
|
Batting: RHB Jeff Parlo
|
0-0: SOLO HOME RUN (Flyball, 7D, EV 96.9 MPH), Distance : 377 ft
|
|
Batting: RHB Mike King
|
0-0: Ball 1-0: Called Strike 1-1: Called Strike 1-2: Ball 2-2: Strikes out looking
|
|
Batting: RHB Willie Carmona
|
0-0: Foul Ball, location: 2F 0-1: Foul Ball, location: 2F 0-2: Foul Ball, location: 2F 0-2: Strikes out looking
|
|
Batting: RHB Adam Beal
|
0-0: Foul Ball, location: 2F 0-1: Foul Ball, location: 2F 0-2: DOUBLE (Flyball, 8RXD, EV 99.4 MPH)
|
|
Batting: SHB John Hiles
|
0-0: Ball 1-0: Foul Ball, location: 2F 1-1: Ball 2-1: Fly out, F9 (Flyball, 9S, EV 85.6 MPH)
|
| Top of the 6th over - 1 run, 2 hits, 0 errors, 1 left on base; Southern Maryland 6 - Brockton 1 |
| BOTTOM OF THE 6TH |
|
Brockton Rox batting - Pitching for Southern Maryland Blue Crabs : RHP Jim Marshall
|
|
Batting: RHB Ryan Davis
|
0-0: Ball 1-0: Ball 2-0: Ball 3-0: Called Strike 3-1: Called Strike 3-2: Foul Ball, location: 2F 3-2: Strikes out swinging
|
|
Batting: RHB Bob Reichley
|
0-0: Ball 1-0: Foul Ball, location: 2F 1-1: Ball 2-1: Swinging Strike 2-2: Fly out, F8 (Line Drive, 8LM, EV 106.2 MPH)
|
|
Batting: RHB Luis Nino
|
0-0: Called Strike 0-1: Called Strike 0-2: Ball 1-2: Ball 2-2: Ball 3-2: Base on Balls
|
|
Batting: SHB Mel Gonzalez
|
0-0: Foul Ball, location: 2F 0-1: Foul Ball, location: 2F 0-2: Strikes out swinging
|
| Bottom of the 6th over - 0 runs, 0 hits, 0 errors, 1 left on base; Southern Maryland 6 - Brockton 1 |
| TOP OF THE 7TH |
|
Southern Maryland Blue Crabs batting - Pitching for Brockton Rox : LHP Jamie Corbin
|
|
Batting: RHB Eddie Morin
|
0-0: Called Strike 0-1: Ball 1-1: Fly out, F3 (Popup, 34S, EV 71.9 MPH)
|
|
Batting: RHB Josh Ludwig
|
0-0: Called Strike 0-1: Called Strike 0-2: Strikes out swinging
|
|
Batting: LHB Taylor Plummer
|
0-0: Ball 1-0: SINGLE (Line Drive, 8LS, EV 90.6 MPH)
|
|
Batting: RHB Sam Parra
|
0-0: Ball 1-0: Foul Ball, location: 2F 1-1: Ball 2-1: SINGLE (Groundball, 4D, EV 96.9 MPH) Taylor Plummer to second Runner from 2nd tries for 3rd, SAFE, throw by CF made to third Sam Parra to second
|
|
Batting: RHB Jeff Parlo
|
0-0: Ball 1-0: Ball 2-0: SINGLE (Groundball, 56D, EV 95.6 MPH) Taylor Plummer scores Sam Parra to third Runner from 3rd tries for Home, throw by LF and OUT! 7-2
|
| Top of the 7th over - 1 run, 3 hits, 0 errors, 1 left on base; Southern Maryland 7 - Brockton 1 |
| BOTTOM OF THE 7TH |
|
Brockton Rox batting - Pitching for Southern Maryland Blue Crabs : RHP Jim Marshall
|
|
Batting: RHB Jose Blocker
|
0-0: Called Strike 0-1: Ball 1-1: Ball 2-1: Foul Ball, location: 2F 2-2: Ball 3-2: Foul Ball, location: 2F 3-2: Foul Ball, location: 2F 3-2: Foul Ball, location: 2F 3-2: Fly out, F7 (Flyball, 7, EV 96.9 MPH)
|
|
Pitching: RHP Vince Buxton
|
|
|
Batting: RHB Matt Walker
|
0-0: Swinging Strike 0-1: Swinging Strike 0-2: Strikes out looking
|
|
Batting: LHB Isaiah Spitzbarth
|
0-0: Ball 1-0: Called Strike 1-1: Ball 2-1: Ball 3-1: Base on Balls
|
|
Batting: LHB Darby Starburster
|
0-0: Called Strike 0-1: Called Strike 0-2: Strikes out looking
|
| Bottom of the 7th over - 0 runs, 0 hits, 0 errors, 1 left on base; Southern Maryland 7 - Brockton 1 |
| TOP OF THE 8TH |
|
Southern Maryland Blue Crabs batting - Pitching for Brockton Rox : LHP Jamie Corbin
|
|
Batting: RHB Mike King
|
0-0: Swinging Strike 0-1: Ball 1-1: Foul Ball, location: 2F 1-2: Ground out 5-3 (Groundball, 56, EV 91.9 MPH)
|
|
Batting: RHB Willie Carmona
|
0-0: Foul Ball, location: 2F 0-1: Foul Ball, location: 2F 0-2: Ball 1-2: Ground out 6-3 (Groundball, 6, EV 103.8 MPH)
|
|
Batting: RHB Adam Beal
|
0-0: Called Strike 0-1: Called Strike 0-2: Strikes out swinging
|
| Top of the 8th over - 0 runs, 0 hits, 0 errors, 0 left on base; Southern Maryland 7 - Brockton 1 |
| BOTTOM OF THE 8TH |
|
Brockton Rox batting - Pitching for Southern Maryland Blue Crabs : RHP Vince Buxton
|
|
Pinch Hitting: LHB Eric Gaugler
|
0-0: Foul Ball, location: 2F 0-1: Swinging Strike 0-2: Ball 1-2: Ball 2-2: Foul Ball, location: 2F 2-2: Ball 3-2: Foul Ball, location: 2F 3-2: Strikes out swinging
|
|
Pinch Hitting: SHB Jose Santiago
|
0-0: Swinging Strike 0-1: Foul Ball, location: 2F 0-2: Foul Ball, location: 2F 0-2: Foul Ball, location: 2F 0-2: Strikes out swinging
|
|
Batting: RHB Bob Reichley
|
0-0: Ball 1-0: Fly out, F8 (Line Drive, 89M, EV 105.0 MPH)
|
| Bottom of the 8th over - 0 runs, 0 hits, 0 errors, 0 left on base; Southern Maryland 7 - Brockton 1 |
| TOP OF THE 9TH |
|
Southern Maryland Blue Crabs batting - Pitching for Brockton Rox : LHP Jamie Corbin
|
|
Now at 2B: Matt Walker
|
|
|
Now in CF: Eric Gaugler
|
|
|
Now in RF: Panam Palmer
|
|
|
Batting: SHB John Hiles
|
0-0: Ball 1-0: Foul Ball, location: 2F 1-1: Called Strike 1-2: Strikes out swinging
|
|
Batting: RHB Eddie Morin
|
0-0: Ball 1-0: Swinging Strike 1-1: Swinging Strike 1-2: SINGLE (Groundball, 6S, EV 66.9 MPH) (infield hit)
|
|
Pitching: LHP Bob Strachan
|
|
|
Batting: RHB Josh Ludwig
|
0-0: Ball 1-0: Called Strike 1-1: Foul Ball, location: 2F 1-2: Strikes out looking
|
|
Batting: LHB Taylor Plummer
|
0-0: Ball 1-0: Ground out 5-3 (Groundball, 56S, EV 82.5 MPH)
|
| Top of the 9th over - 0 runs, 1 hit, 0 errors, 1 left on base; Southern Maryland 7 - Brockton 1 |
| BOTTOM OF THE 9TH |
|
Brockton Rox batting - Pitching for Southern Maryland Blue Crabs : RHP Vince Buxton
|
|
Batting: RHB Luis Nino
|
0-0: Ball 1-0: Ball 2-0: Ball 3-0: Base on Balls
|
|
Pinch Hitting: RHB Wayne Whimster
|
0-0: Ball 1-0: Called Strike 1-1: Foul Ball, location: 2F 1-2: Ball 2-2: Foul Ball, location: 2F 2-2: Ball 3-2: Foul Ball, location: 2F 3-2: Strikes out swinging
|
|
Batting: RHB Jose Blocker
|
0-0: Ball 1-0: Swinging Strike 1-1: Reached on error, E5 (Groundball, 5S, EV 86.9 MPH) Luis Nino to second
|
|
Batting: RHB Matt Walker
|
0-0: Called Strike 0-1: SINGLE (Line Drive, 8LS, EV 101.2 MPH) Luis Nino to third Jose Blocker to second
|
|
Pitching: RHP Safe-eldin Enobakhare
|
|
|
Batting: LHB Isaiah Spitzbarth
|
0-0: Foul Ball, location: 2F 0-1: Fly out, F7 (Flyball, 78S, EV 86.9 MPH)
|
|
Pinch Hitting: RHB Eric McClelland
|
0-0: Ball Wild Pitch! Luis Nino scores Jose Blocker to third Matt Walker to second 1-0: Foul Ball, location: 2F 1-1: Ball 2-1: Ball 3-1: Foul Ball, location: 2F 3-2: Foul Ball, location: 2F 3-2: Base on Balls
|
|
Batting: LHB Eric Gaugler
|
0-0: Ball 1-0: Foul Ball, location: 2F 1-1: Fly out, F9 (Line Drive, 9S, EV 92.5 MPH)
|
| Bottom of the 9th over - 1 run, 1 hit, 1 error, 3 left on base; Southern Maryland 7 - Brockton 2 |
|